 Dungeon Crawl Stone Soup version 0.19.0-19-g8c6edcc (webtiles) character file.

15242 Kassandra the Covert (level 11, -14/54 HPs)
             Began as a Spriggan Enchanter on Nov 12, 2016.
             Was a Follower of Uskayaw.
             Killed from afar by Azrael (43 damage)
             ... with damnation
             ... on level 13 of the Dungeon.
             The game lasted 01:00:24 (13199 turns).

Kassandra the Covert (Spriggan Enchanter)          Turns: 13199, Time: 01:00:26

Health: -14/54     AC:  5    Str:  6    XL:     11   Next: 99%
Magic:  10/23      EV: 25    Int: 17    God:    Uskayaw [*.....]
Gold:   677        SH:  0    Dex: 18    Spells: 6 memorised, 13 levels left

rFire  x . .     SeeInvis +     Q - +2 dagger (venom)
rCold  + . .     Gourm    .     L - +0 troll leather armour
rNeg   . . .     Faith    .     (shield restricted)
rPois  .         Spirit   .     (helmet restricted)
rElec  .         Reflect  .     v - +0 cloak
rCorr  .         Harm     .     (gloves unavailable)
MR     +....                    (boots unavailable)
Stlth  +++++.....               (no amulet)
                                (no ring)
                                p - ring of ice

@: very quick
A: unfitting armour, see invisible, herbivore 3, speed 3, slow metabolism 2
a: Stomp, Renounce Religion


You were on level 13 of the Dungeon.
You worshipped Uskayaw.
Uskayaw was noncommittal.
You were very hungry.

You visited 2 branches of the dungeon, and saw 14 of its levels.

You collected 741 gold pieces.
You spent 64 gold pieces at shops.

Inventory:

Hand Weapons
 D - the +10 trident of Reinforcement {antimagic, Dex+7}
   (You found it on level 9 of the Dungeon)

   It reduces the magical energy of the wielder, and disrupts the spells and
   magical abilities of those hit.
   Natural abilities and divine invocations are not affected.
   It affects your dexterity (+7).
 Q - a +2 dagger of venom (weapon)
Armour
 b - a +1 robe
 j - a +0 buckler of protection
 v - a +0 cloak (worn)
 C - the cursed +0 buckler of Happy Babbling {MR- Int+4 Dex+7}
   (You found it on level 9 of the Dungeon)

   It affects your intelligence (+4).
   It affects your dexterity (+7).
   It affects your resistance to hostile enchantments.
   It has a curse placed upon it.
 L - a +0 troll leather armour (worn)
Jewellery
 p - a ring of ice (left hand)
 A - an uncursed amulet of inaccuracy
 H - an uncursed ring of teleportation
 N - an uncursed amulet of regeneration {unknown}
 S - an uncursed ring of positive energy {unknown}
Wands
 o - a wand of disintegration (23/24)
 u - a wand of digging (8/24)
 w - a wand of confusion (13/48)
 z - a wand of digging (13/24)
 G - a wand of enslavement (7/24)
 O - a wand of lightning (8/15)
 P - a wand of random effects (19/48)
Scrolls
 f - 3 scrolls of noise
 g - 3 scrolls of teleportation
 k - 6 scrolls of identify
 l - 4 scrolls of remove curse
 n - 3 scrolls of recharging
 r - 3 scrolls of blinking {unknown}
 x - 3 scrolls of amnesia {unknown}
 B - 3 scrolls of enchant weapon {unknown}
 E - a scroll of magic mapping {unknown}
 J - 2 scrolls of fog {unknown}
Potions
 e - 3 potions of agility {unknown}
 h - 6 potions of curing
 i - 3 potions of lignification {unknown}
 m - 3 potions of might {unknown}
 q - a potion of magic {unknown}
 s - a potion of heal wounds {unknown}
 t - a potion of cure mutation {unknown}
 F - 3 potions of mutation {unknown}
 I - a potion of invisibility {unknown}
 K - 4 potions of brilliance {unknown}
Books
 c - a book of Maledictions

   Spells                             Type                      Level
   a - Corona                         Hexes                        1
   b - Ensorcelled Hibernation        Hexes/Ice                    2
   c - Confuse                        Hexes                        3
   d - Tukima's Dance                 Hexes                        3
   e - Dazzling Spray                 Conjuration/Hexes            3
 y - a book of Battle

   Spells                             Type                      Level
   a - Infusion                       Charms                       1
   b - Shroud of Golubria             Charms/Translocation         2
   c - Song of Slaying                Charms                       2
   d - Spectral Weapon                Hexes/Charms                 3
   e - Regeneration                   Charms/Necromancy            3
 R - a book of Necromancy

   Spells                             Type                      Level
   a - Pain                           Necromancy                   1
   b - Animate Skeleton               Necromancy                   1
   c - Vampiric Draining              Necromancy                   3
   d - Regeneration                   Charms/Necromancy            3
   e - Animate Dead                   Necromancy                   4
   f - Control Undead                 Necromancy                   4
Comestibles
 a - a slice of pizza
 d - 13 bread rations
 M - 7 fruits


   Skills:
 + Level 4.6 Fighting
 + Level 8.3 Short Blades
 + Level 10.8 Dodging
 + Level 12.8 Stealth
 - Level 7.8 Spellcasting
 + Level 11.6 Hexes
 - Level 5.3 Charms
 - Level 5.2 Invocations
 - Level 4.0 Evocations


You had 13 spell levels left.
You knew the following spells:

 Your Spells              Type           Power        Failure   Level  Hunger
a - Corona                Hex            #####..      1%          1    None
b - Ensorcelled Hibernat  Hex/Ice        #####.       2%          2    None
c - Confuse               Hex            #####...     1%          3    #......
d - Tukima's Dance        Hex            #####...     1%          3    #......
e - Infusion              Chrm           ###.         1%          1    None
f - Shroud of Golubria    Chrm/Tloc      ###.......   10%         2    None


Dungeon Overview and Level Annotations

Branches:
Dungeon (13/15)            Temple (1/1) D:7            Lair (0/6) D:11
    Orc (0/2) D:12
 Vaults: D:13-14

Altars:
Ashenzari
Cheibriados
Dithmenos
Elyvilon
Fedhas
Gozag
Hepliaklqana
Kikubaaqudgha
Makhleb
Nemelex Xobeh
Okawaru
Qazlal
Ru
Sif Muna
Trog
Uskayaw
Vehumet
Xom
Yredelemnul
Zin
The Shining One

Shops:
D:7 !   D:12 :

Annotations:
D:13 Azrael


Innate Abilities, Weirdness & Mutations

You are very small and have problems with some larger weapons.
You are too small for most types of armour.
You have supernaturally acute eyesight. (SInv)
You are a herbivore.
You cover ground extremely quickly.
You need consume almost no food.


Message History

Press: ? - help, Shift-Dir - straight line, f - Azrael
Aim: Azrael, wielding a scimitar of flaming (chance to defeat MR: 50%)
You feel a surge of power!
Azrael resists with some effort.
The purple ugly thing gurgles horribly!
The hell hound barks!
You hear a bark!
The purple ugly thing is engulfed in roaring flames.
A fire elemental comes into view.
Casting: Ensorcelled Hibernation
Confirm with . or Enter, or press ? or * to list all spells.
Aiming: Ensorcelled Hibernation
Press: ? - help, Shift-Dir - straight line, f/p - Azrael
Aim: Azrael, wielding a scimitar of flaming (chance to defeat MR: 50%)
You feel a surge of power!
Azrael looks drowsy...
The hell hound breathes flames at you.
The blast of flame hits the hell hound.
The hell hound completely resists.
The blast of flame hits Azrael.
Azrael completely resists.
The blast of flame hits you! The fire burns you terribly!
Azrael gestures at you.
The sphere of damnation explodes!
The damnation engulfs you!
Ouch! That really hurt!
You die...

.# ##. ##.## .. #...#
#.####.### #...# ### #
#.......=# #...# ...
[.##........######Y..####.#
...........##h..E§.......##
...#.....Rh§.§uY§........
#.#..#.@##o..o........#
#.......######.c.####.#
#..<...## #...# .. ###..###
#.Z.# # .....# #YH.#
####.## #### ##Z## #.. [.#
#.# ..#####W#####Z#
##.#...#.#H..co#


You could see Azrael, a brown ugly thing (wandering), 2 yaks, a fire elemental
and 2 hell hounds.

Vanquished Creatures
  Harold (D:10)
  Erolcha (D:10)
  A centaur warrior (D:13)
  Sonja (D:12)
  The ghost of Gargoyl the Distorting Demonspawn, a novice DsAK of Lugonu (D:10)
  A hill giant (D:12)
  A deep elf mage (D:12)
  An elephant (D:11)
  Joseph (D:7)
  2 gargoyles
  3 trolls
  A komodo dragon (D:9)
  A hornet (D:10)
  A hippogriff (D:7)
  A wraith (D:11)
  A spriggan (D:7)
  A vampire (D:12)
  A wyvern (D:9)
  10 yaks
  2 hungry ghosts
  A water moccasin (D:9)
  2 hell hounds (D:13)
  A hornet zombie (D:13)
  13 orc warriors
  2 sky beasts
  An eye of draining (D:9)
  A black bear (D:8)
  3 phantoms
  A necrophage (D:12)
  8 ogres
  A crocodile (D:11)
  7 centaurs
  A big kobold (D:11)
  5 bullfrogs
  3 scorpions
  A water moccasin skeleton (D:12)
  7 killer bees
  4 howler monkeys
  9 wights
  4 crimson imps
  A bullfrog zombie (D:9)
  A jelly (D:5)
  2 orc priests
  3 bullfrog skeletons
  A hound (D:6)
  A centaur skeleton (D:4)
  An iguana (D:11)
  Ijyb (D:3)
  14 orc wizards
  A killer bee zombie (D:5)
  11 worker ants
  A hound skeleton (D:7)
  A howler monkey skeleton (D:9)
  10 adders
  3 shadow imps
  An ooze (D:1)
  An adder zombie (D:9)
  2 worms
  An adder skeleton (D:6)
  2 dart slugs
  5 leopard geckos
  46 orcs
  3 giant cockroaches
  4 goblins
  8 hobgoblins
  3 jackals (D:3)
  11 kobolds
  7 quokkas
  2 ball pythons
  5 bats
  4 frilled lizards
  A leopard gecko zombie (D:8)
  9 rats
275 creatures vanquished.

Vanquished Creatures (others)
  A yak (D:13)
  2 orcs (D:13)
3 creatures vanquished.

Grand Total: 278 creatures vanquished

Notes
Turn   | Place    | Note
-------+----------+-------------------------------------------
     0 | D:1      | Kassandra the Spriggan Enchanter began the quest for the Orb.
     0 | D:1      | Reached XP level 1. HP: 9/9 MP: 5/5
   321 | D:1      | Reached skill level 5 in Stealth
   416 | D:1      | Reached XP level 2. HP: 13/13 MP: 6/6
   420 | D:1      | Learned a level 2 spell: Ensorcelled Hibernation
   632 | D:1      | Reached skill level 6 in Stealth
  1167 | D:2      | Reached XP level 3. HP: 16/16 MP: 5/8
  1715 | D:2      | Reached skill level 5 in Hexes
  1846 | D:3      | Learned a level 3 spell: Confuse
  1975 | D:3      | Reached XP level 4. HP: 20/21 MP: 2/9
  2343 | D:3      | Noticed Ijyb
  2359 | D:3      | Killed Ijyb
  2359 | D:3      | Reached skill level 7 in Stealth
  2560 | D:3      | Reached XP level 5. HP: 24/24 MP: 5/10
  3543 | D:4      | Reached skill level 8 in Stealth
  3761 | D:4      | Reached XP level 6. HP: 28/28 MP: 4/11
  4000 | D:4      | Reached skill level 9 in Stealth
  4135 | D:4      | Reached skill level 5 in Dodging
  4178 | D:4      | Noticed a sky beast
  4202 | D:4      | Killed a sky beast
  4202 | D:4      | Reached XP level 7. HP: 22/32 MP: 9/12
  4237 | D:5      | Entered Level 5 of the Dungeon
  4707 | D:5      | Found a snail-covered altar of Cheibriados.
  5008 | D:5      | Reached skill level 10 in Stealth
  5322 | D:6      | Reached XP level 8. HP: 34/36 MP: 13/13
  5694 | D:6      | Reached skill level 10 in Hexes
  6224 | D:7      | Noticed Joseph
  6547 | D:7      | Killed Joseph
  6547 | D:7      | Reached XP level 9. HP: 18/39 MP: 3/14
  6768 | D:7      | Found Ilunle's Distillery.
  6771 | D:7      | Bought a potion of curing for 48 gold pieces
  6771 | D:7      | Bought a potion of degeneration for 16 gold pieces
  6779 | D:7      | Learned a level 3 spell: Tukima's Dance
  6996 | D:7      | Reached skill level 10 in Dodging
  7057 | D:7      | Reached skill level 5 in Short Blades
  7145 | D:7      | Found a staircase to the Ecumenical Temple.
  7336 | Temple   | Entered the Ecumenical Temple
  7368 | Temple   | Became a worshipper of Uskayaw the Reveler
  7453 | D:8      | Reached * piety under Uskayaw
  7499 | D:8      | Reached ** piety under Uskayaw
  7502 | D:8      | Reached *** piety under Uskayaw
  7503 | D:8      | Reached **** piety under Uskayaw
  8195 | D:9      | Got a smoking buckler
  8201 | D:9      | Got a fine trident
  8202 | D:9      | Identified the cursed +0 buckler of Happy Babbling {MR- Int+4 Dex+7} (You found it on level 9 of the Dungeon)
  8203 | D:9      | Identified the +10 trident of Reinforcement {antimagic, Dex+7} (You found it on level 9 of the Dungeon)
  8229 | D:9      | Reached skill level 1 in Invocations
  8377 | D:9      | Learned a level 1 spell: Infusion
  8380 | D:9      | Learned a level 2 spell: Shroud of Golubria
  8444 | D:9      | Reached skill level 1 in Charms
  8763 | D:9      | Noticed a komodo dragon
  8765 | D:9      | Killed a komodo dragon
  8765 | D:9      | Reached XP level 10. HP: 44/44 MP: 10/15
  8932 | D:9      | Reached skill level 5 in Charms
  9193 | D:10     | Entered Level 10 of the Dungeon
  9193 | D:10     | Noticed Erolcha
  9433 | D:9      | Reached skill level 1 in Fighting
  9750 | D:10     | Noticed Harold
  9825 | D:10     | Killed Harold
 10149 | D:10     | Killed Erolcha
 10233 | D:10     | HP: 2/49 [poisoned by an orc warrior]
 10540 | D:10     | Noticed Gargoyl's ghost (novice DsAK)
 10557 | D:10     | Killed Gargoyl's ghost
 10873 | D:10     | Reached XP level 11. HP: 53/53 MP: 14/23
 10890 | D:10     | Reached ***** piety under Uskayaw
 11013 | D:11     | Reached skill level 1 in Evocations
 11841 | D:11     | Reached skill level 5 in Invocations
 11845 | D:11     | Found a staircase to the Lair.
 11974 | D:11     | Reached skill level 11 in Stealth
 12144 | D:12     | Reached skill level 12 in Stealth
 12214 | D:12     | Found Winubium's Book Shop.
 12254 | D:12     | Noticed a deep elf mage
 12258 | D:12     | Killed a deep elf mage
 12389 | D:12     | Noticed a hill giant
 12396 | D:12     | Killed a hill giant
 12451 | D:12     | Noticed Sonja
 12458 | D:12     | Killed Sonja
 12811 | D:12     | Found a staircase to the Orcish Mines.
 13063 | D:13     | Noticed a centaur warrior
 13100 | D:13     | Noticed a centaur warrior
 13110 | D:13     | Killed a centaur warrior
 13196 | D:13     | Noticed a purple ugly thing
 13196 | D:13     | Noticed a brown ugly thing
 13196 | D:13     | Noticed Azrael
 13199 | D:13     | Killed from afar by Azrael

Skill      XL: |  1  2  3  4  5  6  7  8  9 10 11 |
---------------+----------------------------------+-----
Stealth        | 5 6 7 8 9 10 12 | 12.8
Hexes          | 4 5 6 10 11 | 11.6
Dodging        | 6 9 10 | 10.8
Short Blades   | 4 7 8 |  8.3
Invocations    | 3 5 |  5.2
Charms         | 4 5 |  5.3
Fighting       | 4 |  4.6
Spellcasting   | 7 |  7.8
Evocations     | 4 |  4.0

Action                   |  1- 3 |  4- 6 |  7- 9 | 10-12 || total
-------------------------+-------+-------+-------+-------++-------
Melee: Dagger            |   104 |   112 |   248 |   373 ||   837
 Cast: Corona            |     2 |       |       |       ||     2
       Ensorcelled Hiber |    11 |    37 |    54 |    73 ||   175
       Confuse           |       |     5 |    32 |    60 ||    97
Invok: Stomp             |       |       |       |     1 ||     1
  Use: Scroll            |       |     4 |     4 |     1 ||     9
 Stab: Sleeping          |    22 |    26 |    56 |    55 ||   159
       Distracted        |     2 |     1 |     1 |     3 ||     7
       Confused          |       |     2 |    10 |    38 ||    50
       Paralysed         |       |       |     2 |     6 ||     8
  Eat: Royal jelly       |       |     1 |       |       ||     1
       Bread ration      |       |     1 |     1 |     1 ||     3
       Pizza             |       |       |     1 |       ||     1
       Fruit             |       |       |       |     1 ||     1
Armor: Robe              |    10 |    24 |     8 |     3 ||    45
       Troll leather arm |       |       |       |     9 ||     9
Dodge: Dodged            |    64 |    99 |   140 |   179 ||   482
